 Dungeon Crawl Stone Soup version 0.28.0-1-gb440e238dd (webtiles) character file.

Game seed: 2310616542603181695

2 cbfl8 the Sneak (level 1, 0/20 HPs)
             Began as a Minotaur Delver on Feb 27, 2022.
             Slain by a centaur skeleton (1 damage)
             ... on level 6 of the Dungeon.
             The game lasted 00:00:53 (65 turns).

cbfl8 the Sneak (Minotaur Delver)                     Turns: 65, Time: 00:00:54

Health: 0/20       AC:  3    Str: 16    XL:     1   Next: 25%
Magic:  0/0        EV: 11    Int:  7    God:
Gold:   0          SH:  0    Dex: 11    Spells: 0/0 levels left

rFire   . . .      SeeInvis .   a - +0 hand axe
rCold   . . .      Faith    .   (no shield)
rNeg    . . .      Spirit   .   b - +0 leather armour
rPois   .          Reflect  .   (helmet restricted)
rElec   .          Harm     .   (no cloak)
rCorr   .          Rampage  .   (no gloves)
Will    .....                   (no boots)
Stlth   ++........              (no amulet)
HPRegen 0.06/turn               (no ring)
MPRegen 0.07/turn               (no ring)

@: no status effects
A: horns 2, retaliatory headbutt
a: no special abilities


You were on level 6 of the Dungeon.
You visited 1 branch of the dungeon, and saw 2 of its levels.

Inventory:

Hand Weapons
 a - a +0 hand axe (weapon)
Armour
 b - a +0 leather armour (worn)
Wands
 g - a wand of digging (3)
Scrolls
 c - a scroll of fog
Potions
 f - a potion of haste


   Skills:
 + Level 3.6 Fighting
 + Level 2.4 Axes
 + Level 2.2 Dodging
 + Level 4.1 Stealth


You couldn't memorise any spells.
You didn't know any spells.
Your spell library was empty.

Dungeon Overview and Level Annotations

Branches:
Dungeon (6/15)
 Temple: D:4-7

Altars:
Uskayaw

Annotations:
D:5 Prince Ribbit


Innate Abilities, Weirdness & Mutations

You have a pair of horns on your head.
You reflexively headbutt those who attack you in melee.


Message History

You closely miss the black bear. The black bear bites you.
The black bear barely misses you. x2
You hit the black bear.
The black bear is lightly wounded.
The black bear bites you.
* * * LOW HITPOINT WARNING * * *
The black bear claws you.
* * * LOW HITPOINT WARNING * * *
The black bear completely misses you.
As you read the scroll of fear, it crumbles to dust.
You assume a fearsome visage.
The black bear looks frightened!
There is a stone staircase leading down here.
You climb downwards.
Found a robe.
There is a stone staircase leading up here.
A centaur skeleton is nearby!
A centaur skeleton is nearby!
A centaur skeleton is nearby!
A centaur skeleton is nearby!
A centaur skeleton is nearby!
Found a purple potion and a glowing mace.
Found a hide-covered altar of Uskayaw.
The helpless centaur skeleton fails to defend itself.
You hit the centaur skeleton. You headbutt the centaur skeleton.
The centaur skeleton is moderately damaged.
The centaur skeleton barely misses you.
The centaur skeleton kicks you but does no damage.
The centaur skeleton closely misses you.
The centaur skeleton barely misses you.
You hit the centaur skeleton.
The centaur skeleton is moderately damaged.
The centaur skeleton hits you.
* * * LOW HITPOINT WARNING * * *
The centaur skeleton kicks you.
* * * LOW HITPOINT WARNING * * *
Unknown command.
You hit the centaur skeleton.
The centaur skeleton is heavily damaged.
The centaur skeleton hits you.
You die...

.... ....
### 8....
#.. [..!)
#.#.8..._
#Z#....##
#@.......
#.##.....
#<# ###
###


You could see a centaur skeleton.

Vanquished Creatures
  An orc (D:5)
1 creature vanquished.

Notes
Turn   | Place    | Note
-------+----------+-------------------------------------------
     0 | D:5      | cbfl8 the Minotaur Delver began the quest for the Orb.
     0 | D:5      | Reached XP level 1. HP: 19/19 MP: 0/0
    12 | D:5      | Noticed Prince Ribbit
    47 | D:5      | Noticed a black bear
    61 | D:6      | Found a hide-covered altar of Uskayaw.
    64 | D:6      | HP: 1/20 [centaur skeleton (1)]
    65 | D:6      | Slain by a centaur skeleton

Illustrated notes

Levels and vault maps discovered:
D:5:      corexii_shack_village, layout_basic, grunt_temple_overflow_open,
          nicolae_ossuary_entry_giza, uniq_prince_ribbit1
D:6:      layout_basic, eat_drink_and_be_merry_uskayaw, kennysheep_mini,
          minmay_temple_entry_antechambers, serial_shops,
          nicolae_shop_waterfront

Action                   || total
-------------------------++-------
Melee: Hand axe          ||     8
       Headbutt          ||     3
  Use: Scroll            ||     2
 Stab: Sleeping          ||     1
Armor: Leather armour    ||     3
Dodge: Dodged            ||    11
